 Dungeon Crawl Stone Soup version 0.27.1-34-g3ba077fa99 (webtiles) character file.

Game seed: 10591633842517778587

874 fishdoom the Cleaver (level 7, 0/93 HPs)
             Began as a Deep Dwarf Berserker on Jan 21, 2022.
             Was a Believer of Trog.
             Slain by a large abomination (7 damage)
             ... on level 1 of the Abyss.
             The game lasted 00:17:05 (2245 turns).

fishdoom the Cleaver (Deep Dwarf Berserker)         Turns: 2245, Time: 00:17:05

Health: 0/93       AC:  9    Str: 22    XL:     7   Next: 74%
Magic:  6/6        EV: 12    Int:  7    God:    Trog [**....]
Gold:   188        SH:  0    Dex: 13    Spells: 6/6 levels left

rFire    . . .     SeeInvis .   i - +0 war axe
rCold    . . .     Faith    .   (no shield)
rNeg     + . .     Spirit   .   c - +1 chain mail {rN+}
rPois    .         Reflect  .   (no helmet)
rElec    .         Harm     .   (no cloak)
rCorr    .         Rampage  .   (no gloves)
Will     +....                  (no boots)
Stlth    ..........             (no amulet)
HPRegen  0.00/turn              d - +4 ring of evasion
MPRegen  0.10/turn              (no ring)

@: berserking, very quick
A: damage resistance, heal wounds, sense surroundings 1, no regeneration
a: Heal Wounds, Renounce Religion, Berserk, Trog's Hand


You were on level 1 of the Abyss.
You worshipped Trog.
Trog was pleased with you.
You visited 1 branch of the dungeon, and saw 3 of its levels.
You visited the Abyss 1 time.

You collected 188 gold pieces.

Inventory:

Hand Weapons
 a - a +0 mace
 i - a +0 war axe (weapon)
 n - a +1 short sword of distortion
Missiles
 k - 30 poisoned darts (quivered)
Armour
 b - a +0 animal skin
 c - a +1 chain mail of positive energy (worn)
 e - a +0 leather armour
Magical Staves
 l - a staff of air
Jewellery
 d - a +4 ring of evasion (left hand)
 j - a ring of magical power
Scrolls
 h - a scroll of summoning
 m - a scroll of amnesia
 o - 4 scrolls of teleportation
 q - a scroll of brand weapon {unknown}
 r - a scroll of immolation {unknown}
Potions
 f - a potion of degeneration
 p - a potion of lignification


   Skills:
 - Level 3.2 Fighting
 * Level 8.7(9.1) Axes
 - Level 3.6(6.2) Maces & Flails
 - Level 2.6 Armour
 - Level 2.6 Dodging
 - Level 0.2 Stealth


You had 6 spell levels left.
You didn't know any spells.
Your spell library was empty.

Dungeon Overview and Level Annotations

Branches:
Dungeon (3/15)

Altars:

Portals:
Abyss: D:3

Annotations:
D:3 1 transporter


Innate Abilities, Weirdness & Mutations

You are resistant to damage.
You can heal yourself by infusing magical energy.
You passively map a small area around you.
You do not regenerate.


Message History

You hit the chaos spawn.
You kill the chaos spawn!
Trog accepts your kill.
The chaos spawn degenerates into a cloud of primal chaos!
You hit the large abomination.
The large abomination is lightly damaged.
The substance of the Abyss twists violently, and a gateway leading out appears!
The large abomination is engulfed in seething chaos.
The large abomination misses you.
A red film seems to cover your vision as you go berserk!
You feel yourself moving faster!
You feel mighty!
A large abomination comes into view.
The large abomination misses you.
You hit the large abomination.
The large abomination is lightly damaged.
The large abomination hits you!
You barely miss the large abomination.
The large abomination is lightly damaged.
You slash the large abomination!
The large abomination is heavily damaged.
The large abomination hits you!!
* * * LOW HITPOINT WARNING * * *
You hit the large abomination.
The large abomination is heavily damaged.
The large abomination hits you but does no damage.
You are too berserk!
You slash the large abomination!
The large abomination is severely damaged.
You barely miss the large abomination.
The large abomination is severely damaged.
The large abomination barely misses you.
You hit the large abomination.
The large abomination is severely damaged.
You slash the large abomination!
The large abomination is almost destroyed.
The large abomination closely misses you.
You barely miss the large abomination.
The large abomination is almost destroyed.
The large abomination hits you!
You die...

##########
#.....X@.#
##.######.#
... #.# #.
. ##X## #.
.... ..
#......#..#
. ... ..#
##. ...##.#
# .... . .#


You could see 2 large abominations.

Vanquished Creatures
  A toenail golem (D:3)
  A small abomination (Abyss:1)
  A chaos spawn (Abyss:1)
  A crimson imp (D:3)
  A quasit (D:3)
  The ghost of BigCheese the Gusty, a weakling VSAE (D:3)
  An iron imp (D:3)
  8 adders
  3 dart slugs
  An orc (D:3)
  3 ball pythons
  An endoplasm (D:2)
  5 goblins
  4 hobgoblins
  4 jackals (D:2)
  2 quokkas
  5 bats
  3 frilled lizards
  12 kobolds
  4 rats
62 creatures vanquished.

Notes
Turn   | Place    | Note
-------+----------+-------------------------------------------
     0 | D:1      | fishdoom the Deep Dwarf Berserker began the quest for the
                  | Orb.
     0 | D:1      | Reached XP level 1. HP: 20/20 MP: 1/1
   134 | D:1      | Reached XP level 2. HP: 22/28 MP: 2/2
   278 | D:1      | Found a faded altar of an unknown god.
   792 | D:2      | Reached XP level 3. HP: 26/34 MP: 3/3
   936 | D:2      | Reached ** piety under Trog
  1139 | D:2      | Reached skill level 1 in Axes
  1185 | D:2      | Reached XP level 4. HP: 23/42 MP: 4/4
  1434 | D:2      | Reached skill level 2 in Axes
  1808 | D:3      | Reached skill level 3 in Axes
  1934 | D:3      | Found a transporter.
  1950 | D:3      | Found a one-way gate to the infinite horrors of the Abyss.
  1950 | D:3      | Noticed BigCheese's ghost (weakling VSAE)
  1955 | D:3      | Noticed a toenail golem
  2001 | D:3      | Killed a toenail golem
  2001 | D:3      | Killed BigCheese's ghost
  2002 | D:3      | Reached skill level 6 in Axes
  2002 | D:3      | Reached XP level 5. HP: 49/49 MP: 4/4
  2002 | D:3      | Reached XP level 6. HP: 56/56 MP: 5/5
  2013 | D:3      | Reached skill level 7 in Axes
  2013 | D:3      | Reached XP level 7. HP: 62/62 MP: 6/6
  2020 | D:3      | Found a transporter.
  2091 | D:3      | Voluntarily entered the Abyss.
  2153 | Abyss:1  | Noticed a small abomination
  2162 | Abyss:1  | Killed a small abomination
  2163 | Abyss:1  | Reached skill level 8 in Axes
  2212 | Abyss:1  | Noticed a large abomination
  2223 | Abyss:1  | Noticed a large abomination
  2223 | Abyss:1  | Noticed a chaos spawn
  2234 | Abyss:1  | Killed a chaos spawn
  2236 | Abyss:1  | Noticed a large abomination
  2245 | Abyss:1  | Slain by a large abomination

Illustrated notes

Levels and vault maps discovered:
D:1:      lightli_arrival_farm, layout_basic, ebering_ecumenical_altar_mist
D:2:      layout_loops_corners
D:3:      layout_basic, gammafunk_ghost_abyssal_escape, hangedman_decor_push,
          uniq_crazy_yiuf_cottage
Abyss:1:  base:
D:2

Skill      XL: |  1  2  3  4  5  6  7 |
---------------+----------------------+-----
Fighting       | 3 |  3.2
Axes           | 1 6 7 8 |  8.7
Maces & Flails | |  3.6
Armour         | |  2.6
Dodging        | |  2.6
Stealth        | |  0.2

Action                   |  1- 3 |  4- 6 |  7- 9 || total
-------------------------+-------+-------+-------++-------
Melee: Mace              |    96 |       |       ||    96
       War axe           |    17 |    93 |    41 ||   151
Invok: Berserk           |       |     1 |     2 ||     3
 Abil: Heal Wounds       |     1 |     2 |     2 ||     5
  Use: Scroll            |       |     1 |     3 ||     4
 Stab: Sleeping          |     1 |       |       ||     1
Armor: Animal skin       |     3 |       |       ||     3
       Leather armour    |    15 |       |       ||    15
       Chain mail        |       |    64 |    14 ||    78
Dodge: Dodged            |   104 |    87 |    21 ||   212
